Blackdemons vs Diables
Created - May 13, 2017 at 20:10
Goals
|
| Blackdemons |
1 |
1 |
3 |
1 |
6 |
| Diables |
3 |
1 |
1 |
0 |
5 |
|
Shots
|
| Blackdemons |
9 |
15 |
10 |
1 |
35 |
| Diables |
14 |
8 |
13 |
0 |
35 |
|
1st period
1. Diables , Kellan Lain 54 (Craig Smith 43, Lukas Krajicek 36) at 5:18
2. Blackdemons , Igor Makarov 45 (Andrew MacDonald 56, Patrice Cormier 26) at 8:20
3. Diables , Kellan Lain 55 (Benn Ferriero 28) at 13:20
4. Diables , Tomas Kubalik 21 (Pavel Valentenko 16, Mark Fraser 37) at 17:32
Penalties :
No Penalty
2nd period
5. Blackdemons , Dan Bertram 19 (Ben Maxwell 22, Scott Wilson 1) at 5:47
6. Diables , Craig Smith 28 (Kellan Lain 46) at 19:06 (PP)
Penalties :
Jacob Lagacé (MJM) for Hooking (Minor) at 3:33, Steve Quailer (Alm) for High sticking (Minor) at 8:59, Petter Granberg (Alm) for Boarding (Minor) at 12:26, Matt Hunwick (MJM) for Roughing (Minor) at 19:03, Tyler Bozak (Alm) for Interference (Minor) at 19:50
3rd period
7. Blackdemons , Steven Zalewski 34 (Jeffrey Foss 8) at 2:37
8. Blackdemons , Noel Acciari 10 (Andrew MacDonald 57, Scott Wilson 2) at 9:50 (SH)
9. Diables , Tyler Bozak 45 (Benn Ferriero 29, Pavel Valentenko 17) at 14:55 (PP)
10. Blackdemons , Igor Makarov 46 (Sergei Plotnikov 22, Patrice Cormier 27) at 19:14
Penalties :
Brandon Prust (Alm) for Goalie Interference (Minor) at 3:56, Ben Maxwell (MJM) for Interference (Minor) at 8:01, Jordan Szwarz (MJM) for Hooking (Minor) at 10:39, Jacob Lagacé (MJM) for Hooking (Minor) at 14:10, Tyler Cuma (Alm) for Roughing (Minor) at 15:25
Overtime #1
11. Blackdemons , Patrice Cormier 18 (Igor Makarov 52, Keaton Ellerby 22) at 0:11
Penalties :
No Penalty
Goalie Stats
Sebastien Caron (MJM), 30 saves from 35 shots - (0.857), W, 22-23-2, 59:49 minutes
Marek Mazanek (Alm), 29 saves from 35 shots - (0.829), OTL, 20-10-1, 60:11 minutes
Players Stats for Blackdemons
Player Name G A P +/- PIM S H SB GA TA FO MP PP MP PK MP
------------------------------------------------------------------------------------
Andrew MacDonald 0 2 2 3 0 2 3 2 2 1 0/0 26:04 6:15 4:23
Ben Maxwell 0 1 1 1 2 2 0 3 0 1 3/10 11:56 0:00 0:00
Bryan Rust 0 0 0 -1 0 0 0 0 0 0 0/0 4:34 0:00 0:00
Calvin de Haan 0 0 0 2 0 2 0 3 0 1 0/0 10:37 0:00 0:00
Charles-Olivier Roussel 0 0 0 -1 0 0 0 1 0 0 0/0 5:50 0:00 0:00
Dan Bertram 1 0 1 1 0 7 2 1 0 0 0/0 12:14 0:18 0:00
Igor Makarov 2 1 3 2 0 6 3 0 0 0 0/3 23:25 5:18 4:14
Jacob Lagacé 0 0 0 0 4 1 1 0 0 0 0/1 17:09 4:10 0:00
Jeffrey Foss 0 1 1 2 0 2 0 0 0 1 0/0 10:37 0:00 0:00
Jordan Szwarz 0 0 0 0 2 1 1 0 0 2 0/0 18:03 4:10 0:46
Jyrki Jokipakka 0 0 0 0 0 0 0 0 0 0 0/0 0:00 0:00 0:00
Keaton Ellerby 0 1 1 3 0 1 2 1 1 2 0/0 26:04 6:15 4:23
Klas Dahlbeck 0 0 0 0 0 0 0 0 0 0 0/0 0:00 0:00 0:00
Kyle Rau 0 0 0 0 0 0 0 0 0 0 0/0 1:15 0:00 1:15
Matt Hunwick 0 0 0 -1 2 0 0 0 2 0 0/0 17:39 3:40 2:22
Max Friberg 0 0 0 0 0 0 0 0 0 0 0/0 0:50 0:27 0:00
Nicolas Deschamps 0 0 0 0 0 0 0 0 0 0 0/0 0:00 0:00 0:00
Noel Acciari 1 0 1 1 0 1 0 0 0 0 0/0 2:04 0:32 0:21
Oscar Klefbom 0 0 0 -1 0 0 0 0 0 1 0/0 5:50 0:00 0:00
Patrice Cormier 1 2 3 1 0 4 1 2 0 0 17/35 27:25 5:22 4:14
Scott Timmins 0 0 0 -1 0 0 0 0 0 0 0/3 4:34 0:00 0:00
Scott Wilson 0 2 2 2 0 1 0 0 1 0 0/0 12:10 0:00 0:27
Sergei Plotnikov 0 1 1 1 0 1 1 0 0 1 0/1 20:46 5:18 2:13
Steve Oleksy 0 0 0 -1 0 0 0 1 0 0 0/0 17:40 3:40 2:22
Steven Zalewski 1 0 1 0 0 4 2 2 0 0 7/16 17:08 4:10 0:00
Players Stats for Diables
Player Name G A P +/- PIM S H SB GA TA FO MP PP MP PK MP
------------------------------------------------------------------------------------
Ben Hanowski 0 0 0 -2 0 1 0 0 0 0 0/1 11:04 2:27 0:00
Benn Ferriero 0 2 2 1 0 3 2 0 0 0 0/0 15:05 4:09 0:00
Brandon Prust 0 0 0 -1 2 1 1 0 0 0 4/7 12:52 0:00 4:07
Craig Smith 1 1 2 0 0 1 0 0 1 0 7/13 17:10 2:27 3:33
Gabriel Landeskog 0 0 0 -2 0 2 2 1 3 0 2/2 24:01 4:18 4:01
Jamie Oleksiak 0 0 0 0 0 0 1 0 0 0 0/0 4:24 0:00 1:19
Keith Seabrook 0 0 0 0 0 0 0 1 1 0 0/0 10:18 0:00 0:00
Kellan Lain 2 1 3 -1 0 4 3 0 1 1 0/0 18:47 2:27 5:04
Kyle Chipchura 0 0 0 -1 0 2 0 1 0 0 3/8 11:04 0:00 2:40
Lukas Krajicek 0 1 1 -3 0 1 2 1 0 2 0/0 26:24 3:46 5:40
Mark Fraser 0 1 1 0 0 2 4 2 0 1 0/0 20:24 2:59 4:15
Pavel Valentenko 0 2 2 0 0 0 0 1 0 0 0/0 19:55 2:59 4:12
Petter Granberg 0 0 0 0 2 1 1 0 0 0 0/0 11:00 0:00 0:03
Steve Quailer 0 0 0 -1 2 1 1 1 1 0 1/1 15:46 0:09 0:00
Taylor Beck 0 0 0 0 0 2 0 0 0 0 0/0 8:25 0:00 0:22
Tomas Kubalik 1 0 1 0 0 3 0 1 0 0 0/0 8:01 0:09 0:00
Tyler Arnason 0 0 0 0 0 2 0 0 1 0 2/3 8:11 0:00 0:03
Tyler Bozak 1 0 1 -1 2 4 2 2 2 1 23/34 19:23 4:09 0:00
Tyler Cuma 0 0 0 -3 2 5 3 1 0 1 0/0 28:30 3:46 4:21
3 Stars
1 - Igor Makarov (MJM)
2 - Kellan Lain (Alm)
3 - Patrice Cormier (MJM)
Power Play
Blackdemons - 0 on 5 Attempt(s) - 0.00%
Diables - 2 on 5 Attempt(s) - 40.00%
Penalty Kill
Blackdemons - 3 on 5 Attempt(s) - 60.00%
- Score 1 goal in Penalty Kill
Diables - 5 on 5 Attempt(s) - 100.00%
- Score 0 goal in Penalty Kill
Team Stat
Blackdemons - Hits : 16 - Faceoff Wins : 27 - Blocked Shots : 16 - Penalty Minutes : 10
Diables - Hits : 22 - Faceoff Wins : 42 - Blocked Shots : 12 - Penalty Minutes : 10
Official
Referees : Hebert Ghislain and Walsh Ian
Linesman : Lyle Seitz and Pierre Racicot
Game Notes
No Game Note
Finance
Level 1 -- Attendance: 1416 (70.80%) -- Ticket Income $49,560
Level 2 -- Attendance: 760 (76.00%) -- Ticket Income $11,400
Total Attendance: 2176 (72.53%)
Total Ticket Income: $60,960
Other Income: $3,048
Total Income: $64,008
Blackdemons
5 vs 5 Forward
Center Left Wing Right Wing Time % Phy DF OF
1 Patrice Cormier Sergei Plotnikov Igor Makarov 40 1 2 2
2 Steven Zalewski Jacob Lagacé Jordan Szwarz 30 1 2 2
3 Ben Maxwell Scott Wilson Dan Bertram 20 1 2 2
4 Scott Timmins Patrice Cormier Bryan Rust 10 1 2 2
5 vs 5 Defense
Defense Defense Time % Phy DF OF
1 Keaton Ellerby Andrew MacDonald 40 1 2 2
2 Matt Hunwick Steve Oleksy 30 1 2 2
3 Jeffrey Foss Calvin de Haan 20 1 2 2
4 Oscar Klefbom Charles-Olivier Roussel 10 1 2 2
PowerPlay Forward
Center Left Wing Right Wing Time % Phy DF OF
1 Patrice Cormier Sergei Plotnikov Igor Makarov 60 1 2 2
2 Steven Zalewski Jacob Lagacé Jordan Szwarz 40 1 2 2
PowerPlay Defense
Defense Defense Time % Phy DF OF
1 Keaton Ellerby Andrew MacDonald 60 1 2 2
2 Matt Hunwick Steve Oleksy 40 1 2 2
Penalty Kill 4 Players Forward
Center Wing Time % Phy DF OF
1 Patrice Cormier Igor Makarov 60 1 2 2
2 Sergei Plotnikov Jordan Szwarz 40 1 2 2
Penalty Kill 4 Players Defense
Defense Defense Time % Phy DF OF
1 Keaton Ellerby Andrew MacDonald 60 1 2 2
2 Matt Hunwick Steve Oleksy 40 1 2 2
Penalty Kill - 3 Players Forward
Forward Time % Phy DF OF
1 Patrice Cormier 60 1 2 2
2 Igor Makarov 40 1 2 2
Penalty Kill - 3 Players Defense
Defense Defense Time % Phy DF OF
1 Keaton Ellerby Andrew MacDonald 60 1 2 2
2 Matt Hunwick Steve Oleksy 40 1 2 2
4 vs 4 Forward
Center Wing Time % Phy DF OF
1 Patrice Cormier Igor Makarov 60 1 2 2
2 Sergei Plotnikov Jordan Szwarz 40 1 2 2
4 vs 4 Defense
Defense Defense Time % Phy DF OF
1 Keaton Ellerby Andrew MacDonald 60 1 2 2
2 Matt Hunwick Steve Oleksy 40 1 2 2
Last Minutes Offensive
Center Left Wing Right Wing Defense Defense
Patrice Cormier Sergei Plotnikov Igor Makarov Keaton Ellerby Andrew MacDonald
Last Minutes Defensive
Center Left Wing Right Wing Defense Defense
Patrice Cormier Sergei Plotnikov Igor Makarov Keaton Ellerby Andrew MacDonald
Goaltenders
Starting : Sebastien Caron
Backup : Matt Hackett
Extra Forwards
Normal : Noel Acciari, Max Friberg, Kyle Rau - PP : Noel Acciari, Max Friberg - PK : Kyle Rau
Extra Defensemen
Normal : Klas Dahlbeck, Jyrki Jokipakka, Jeffrey Foss - PP : Klas Dahlbeck - PK : Jyrki Jokipakka, Jeffrey Foss
Penalty Shots
Patrice Cormier, Igor Makarov, Sergei Plotnikov, Jordan Szwarz, Steven Zalewski
Scratches
Blake Pietila (Fractured Bone in Right Hand Injury), Reece Scarlett (Healthy), Sami Aittokallio (Healthy)
Diables
5 vs 5 Forward
Center Left Wing Right Wing Time % Phy DF OF
1 Tyler Bozak Gabriel Landeskog Steve Quailer 40 0 2 3
2 Craig Smith Kellan Lain Benn Ferriero 30 0 2 3
3 Kyle Chipchura Brandon Prust Ben Hanowski 20 1 2 2
4 Tyler Arnason Taylor Beck Tomas Kubalik 10 1 2 2
5 vs 5 Defense
Defense Defense Time % Phy DF OF
1 Tyler Cuma Lukas Krajicek 40 1 2 2
2 Mark Fraser Pavel Valentenko 30 1 2 2
3 Petter Granberg Keith Seabrook 20 1 2 2
4 Jamie Oleksiak Tyler Cuma 10 1 2 2
PowerPlay Forward
Center Left Wing Right Wing Time % Phy DF OF
1 Tyler Bozak Gabriel Landeskog Benn Ferriero 60 1 2 2
2 Craig Smith Kellan Lain Ben Hanowski 40 1 2 2
PowerPlay Defense
Defense Defense Time % Phy DF OF
1 Tyler Cuma Lukas Krajicek 60 1 2 2
2 Mark Fraser Pavel Valentenko 40 1 2 2
Penalty Kill 4 Players Forward
Center Wing Time % Phy DF OF
1 Brandon Prust Kellan Lain 60 1 2 2
2 Gabriel Landeskog Craig Smith 40 1 2 2
Penalty Kill 4 Players Defense
Defense Defense Time % Phy DF OF
1 Tyler Cuma Lukas Krajicek 60 1 2 2
2 Mark Fraser Pavel Valentenko 40 1 2 2
Penalty Kill - 3 Players Forward
Forward Time % Phy DF OF
1 Brandon Prust 60 1 2 2
2 Kellan Lain 40 1 2 2
Penalty Kill - 3 Players Defense
Defense Defense Time % Phy DF OF
1 Tyler Cuma Lukas Krajicek 60 1 2 2
2 Mark Fraser Pavel Valentenko 40 1 2 2
4 vs 4 Forward
Center Wing Time % Phy DF OF
1 Brandon Prust Kellan Lain 60 1 2 2
2 Gabriel Landeskog Craig Smith 40 1 2 2
4 vs 4 Defense
Defense Defense Time % Phy DF OF
1 Tyler Cuma Lukas Krajicek 60 1 2 2
2 Mark Fraser Pavel Valentenko 40 1 2 2
Last Minutes Offensive
Center Left Wing Right Wing Defense Defense
Craig Smith Gabriel Landeskog Tomas Kubalik Tyler Cuma Lukas Krajicek
Last Minutes Defensive
Center Left Wing Right Wing Defense Defense
Craig Smith Gabriel Landeskog Ben Hanowski Tyler Cuma Lukas Krajicek
Goaltenders
Starting : Marek Mazanek
Backup : Jean-Francois Berube
Extra Forwards
Normal : Steve Quailer, Ben Hanowski, Benn Ferriero - PP : Tomas Kubalik, Ben Hanowski - PK : Kyle Chipchura
Extra Defensemen
Normal : Petter Granberg, Tyler Cuma, Keith Seabrook - PP : Petter Granberg - PK : Tyler Cuma, Jamie Oleksiak
Penalty Shots
Brandon Prust, Kellan Lain, Gabriel Landeskog, Craig Smith, Ben Hanowski
Scratches
Louis Leblanc (Healthy), Vladislav Namestnikov (Healthy), J.T. Brown (Healthy), Matt Lindblad (Healthy), Christian Thomas (Healthy)
Borna Rendulic (Healthy), Adam Clendening (Healthy), Brett Ritchie (Healthy), Blake Coleman (Healthy), Pierre-Cédric Labrie (Healthy)
Marc-André Bourdon (Healthy), Eddie Lack (Healthy)
% Time on Ice - Blackdemons
Lines # - Real PCT - Wanted PCT - Time Play
Normal Forward
1 - 32% - 40% - 13:39
2 - 31% - 30% - 13:06
3 - 27% - 20% - 11:33
4 - 11% - 10% - 4:34
Normal Defense
1 - 36% - 40% - 15:15
2 - 27% - 30% - 11:38
3 - 25% - 20% - 10:37
4 - 13% - 10% - 5:22
PP Forward
1 - 56% - 60% - 5:34
2 - 44% - 40% - 4:21
PP Defense
1 - 63% - 60% - 6:15
2 - 37% - 40% - 3:40
PK Forward
1 - 78% - 60% - 5:16
2 - 22% - 40% - 1:29
PK Defense
1 - 65% - 60% - 4:23
2 - 35% - 40% - 2:22
PK3 Forward
1 - 0% - 60%
2 - 0% - 40%
PK3 Defense
1 - 0% - 60%
2 - 0% - 40%
44 Forward
1 - 100% - 60% - 0:11
2 - 0% - 40% - 0:00
44 Defense
1 - 100% - 60% - 0:11
2 - 0% - 40% - 0:00
Last Minute Offensive - 0:28
Last Minute Defensive - 0:00
Total
Forward - 60:11
Defense - 60:11
|
% Time on Ice - Diables
Lines # - Real PCT - Wanted PCT - Time Play
Normal Forward
1 - 39% - 40% - 16:43
2 - 25% - 30% - 10:34
3 - 18% - 20% - 7:44
4 - 18% - 10% - 7:51
Normal Defense
1 - 40% - 40% - 17:13
2 - 29% - 30% - 12:16
3 - 24% - 20% - 10:18
4 - 7% - 10% - 3:05
PP Forward
1 - 64% - 60% - 4:18
2 - 36% - 40% - 2:27
PP Defense
1 - 56% - 60% - 3:46
2 - 44% - 40% - 2:59
PK Forward
1 - 83% - 60% - 8:12
2 - 17% - 40% - 1:43
PK Defense
1 - 58% - 60% - 5:43
2 - 42% - 40% - 4:12
PK3 Forward
1 - 0% - 60%
2 - 0% - 40%
PK3 Defense
1 - 0% - 60%
2 - 0% - 40%
44 Forward
1 - 100% - 60% - 0:11
2 - 0% - 40% - 0:00
44 Defense
1 - 100% - 60% - 0:11
2 - 0% - 40% - 0:00
Last Minute Offensive - 0:00
Last Minute Defensive - 0:28
Total
Forward - 60:11
Defense - 60:11
|
Play by Play
1st period
0:01 of 1st period - Tyler Bozak wins face-off versus Patrice Cormier in neutral zone.
0:26 of 1st period - Keaton Ellerby is hit by Kellan Lain and loses puck.
0:54 of 1st period - Snap shot by Ben Hanowski.
0:54 of 1st period - Shot Misses the Net.
0:56 of 1st period - Slapshot by Kyle Chipchura.
0:56 of 1st period - Deflect By Ben Hanowski.
0:56 of 1st period - Stopped by Sebastien Caron with a rebound.
1:30 of 1st period - Backhand shot by Gabriel Landeskog.
1:30 of 1st period - Shot Misses the Net.
2:05 of 1st period - Icing by Jeffrey Foss.
2:06 of 1st period - Kyle Chipchura wins face-off versus Steven Zalewski in Blackdemons zone.
2:21 of 1st period - Snap shot by Tyler Bozak.
2:21 of 1st period - Shot Misses the Net.
2:35 of 1st period - Slapshot by Brandon Prust.
2:35 of 1st period - Shot Blocked by Calvin de Haan.
3:15 of 1st period - Patrice Cormier is hit by Jamie Oleksiak and loses puck.
3:20 of 1st period - Snap shot by Tomas Kubalik.
3:20 of 1st period - Deflect By Taylor Beck.
3:20 of 1st period - Stopped by Sebastien Caron with a rebound.
3:22 of 1st period - Slapshot by Tyler Cuma.
3:22 of 1st period - Shot Blocked by Andrew MacDonald.
3:24 of 1st period - Slapshot by Tyler Cuma.
3:24 of 1st period - Stopped by Sebastien Caron without a rebound.
3:25 of 1st period - Gabriel Landeskog wins face-off versus Ben Maxwell in Blackdemons zone.
3:50 of 1st period - Jordan Szwarz is hit by Petter Granberg and loses puck.
4:51 of 1st period - Jordan Szwarz is hit by Tyler Bozak.
5:00 of 1st period - Wrist shot by Tyler Bozak.
5:00 of 1st period - Shot Misses the Net.
5:02 of 1st period - Wrist shot by Gabriel Landeskog.
5:02 of 1st period - Shot Blocked by Steven Zalewski.
5:18 of 1st period - Snap shot by Kellan Lain.
5:18 of 1st period - Goal by Kellan Lain - Blackdemons : 0 - Diables : 1.
5:19 of 1st period - Tyler Bozak wins face-off versus Igor Makarov in neutral zone.
5:26 of 1st period - Gabriel Landeskog is hit by Igor Makarov and loses puck.
5:33 of 1st period - Slapshot by Tyler Bozak.
5:33 of 1st period - Deflect By Steve Quailer.
5:33 of 1st period - Shot Misses the Net.
5:33 of 1st period - Puck is out of play.
5:34 of 1st period - Patrice Cormier wins face-off versus Kyle Chipchura in Blackdemons zone.
5:34 of 1st period - Patrice Cormier is hit by Brandon Prust.
5:46 of 1st period - Slapshot by Andrew MacDonald.
5:46 of 1st period - Shot Misses the Net.
5:57 of 1st period - Icing by Tyler Bozak.
5:58 of 1st period - Tyler Bozak wins face-off versus Steven Zalewski in Diables zone.
6:13 of 1st period - Snap shot by Gabriel Landeskog.
6:13 of 1st period - Shot Misses the Net.
6:50 of 1st period - Off-side.
6:51 of 1st period - Patrice Cormier wins face-off versus Tyler Bozak in neutral zone.
6:54 of 1st period - Slapshot by Andrew MacDonald.
6:54 of 1st period - Stopped by Marek Mazanek with a rebound.
6:56 of 1st period - Slapshot by Keaton Ellerby.
6:56 of 1st period - Stopped by Marek Mazanek without a rebound.
6:57 of 1st period - Tyler Bozak wins face-off versus Sergei Plotnikov in Diables zone.
7:08 of 1st period - Gabriel Landeskog is hit by Igor Makarov and loses puck.
7:23 of 1st period - Keaton Ellerby is hit by Lukas Krajicek and loses puck.
7:48 of 1st period - Snap shot by Brandon Prust.
7:48 of 1st period - Shot Misses the Net.
7:50 of 1st period - Snap shot by Kyle Chipchura.
7:50 of 1st period - Stopped by Sebastien Caron without a rebound.
7:51 of 1st period - Patrice Cormier wins face-off versus Tyler Bozak in Blackdemons zone.
8:02 of 1st period - Off-side.
8:03 of 1st period - Tyler Bozak wins face-off versus Patrice Cormier in neutral zone.
8:16 of 1st period - Wrist shot by Igor Makarov.
8:16 of 1st period - Deflect By Gabriel Landeskog.
8:16 of 1st period - Shot Misses the Net.
8:16 of 1st period - Puck is out of play.
8:17 of 1st period - Patrice Cormier wins face-off versus Craig Smith in Diables zone.
8:20 of 1st period - Snap shot by Igor Makarov.
8:20 of 1st period - Goal by Igor Makarov - Blackdemons : 1 - Diables : 1.
8:21 of 1st period - Patrice Cormier wins face-off versus Craig Smith in neutral zone.
8:36 of 1st period - Slapshot by Igor Makarov.
8:36 of 1st period - Shot Misses the Net.
8:53 of 1st period - Wrist shot by Dan Bertram.
8:53 of 1st period - Stopped by Marek Mazanek without a rebound.
8:54 of 1st period - Tyler Bozak wins face-off versus Ben Maxwell in Diables zone.
9:39 of 1st period - Icing by Tyler Bozak.
9:40 of 1st period - Patrice Cormier wins face-off versus Tyler Bozak in Diables zone.
9:45 of 1st period - Keaton Ellerby is hit by Kellan Lain and loses puck.
10:48 of 1st period - Wrist shot by Kellan Lain.
10:48 of 1st period - Shot Blocked by Steve Oleksy.
10:52 of 1st period - Snap shot by Kellan Lain.
10:52 of 1st period - Shot Misses the Net.
10:54 of 1st period - Snap shot by Mark Fraser.
10:54 of 1st period - Shot Misses the Net.
11:10 of 1st period - Slapshot by Steve Quailer.
11:10 of 1st period - Stopped by Sebastien Caron with a rebound.
11:12 of 1st period - Snap shot by Gabriel Landeskog.
11:12 of 1st period - Shot Misses the Net.
11:14 of 1st period - Slapshot by Tyler Cuma.
11:14 of 1st period - Shot Misses the Net.
11:34 of 1st period - Wrist shot by Scott Wilson.
11:34 of 1st period - Stopped by Marek Mazanek with a rebound.
12:13 of 1st period - Off-side.
12:14 of 1st period - Craig Smith wins face-off versus Scott Timmins in neutral zone.
12:25 of 1st period - Snap shot by Kellan Lain.
12:25 of 1st period - Stopped by Sebastien Caron without a rebound.
12:26 of 1st period - Tyler Bozak wins face-off versus Steven Zalewski in Blackdemons zone.
12:27 of 1st period - Slapshot by Steve Quailer.
12:27 of 1st period - Shot Hit the Post.
12:41 of 1st period - Wrist shot by Tyler Bozak.
12:41 of 1st period - Stopped by Sebastien Caron without a rebound.
12:42 of 1st period - Craig Smith wins face-off versus Patrice Cormier in Blackdemons zone.
12:45 of 1st period - Wrist shot by Craig Smith.
12:45 of 1st period - Shot Misses the Net.
12:47 of 1st period - Snap shot by Kellan Lain.
12:47 of 1st period - Shot Blocked by Patrice Cormier.
12:49 of 1st period - Slapshot by Lukas Krajicek.
12:49 of 1st period - Stopped by Sebastien Caron without a rebound.
12:50 of 1st period - Patrice Cormier wins face-off versus Craig Smith in Blackdemons zone.
12:50 of 1st period - Patrice Cormier is hit by Benn Ferriero.
13:02 of 1st period - Wrist shot by Patrice Cormier.
13:02 of 1st period - Shot Misses the Net.
13:20 of 1st period - Snap shot by Kellan Lain.
13:20 of 1st period - Goal by Kellan Lain - Blackdemons : 1 - Diables : 2.
13:21 of 1st period - Tyler Bozak wins face-off versus Patrice Cormier in neutral zone.
14:54 of 1st period - Icing by Gabriel Landeskog.
14:55 of 1st period - Steve Quailer wins face-off versus Patrice Cormier in Diables zone.
14:55 of 1st period - Steve Quailer is hit by Igor Makarov.
15:33 of 1st period - Slapshot by Gabriel Landeskog.
15:33 of 1st period - Stopped by Sebastien Caron without a rebound.
15:34 of 1st period - Kyle Chipchura wins face-off versus Steven Zalewski in Blackdemons zone.
16:07 of 1st period - Jeffrey Foss is hit by Lukas Krajicek and loses puck.
16:26 of 1st period - Patrice Cormier is hit by Tyler Cuma and loses puck.
16:53 of 1st period - Tyler Cuma is hit by Andrew MacDonald and loses puck.
17:04 of 1st period - Snap shot by Igor Makarov.
17:04 of 1st period - Shot Misses the Net.
17:24 of 1st period - Snap shot by Tyler Arnason.
17:24 of 1st period - Stopped by Sebastien Caron with a rebound.
17:26 of 1st period - Snap shot by Mark Fraser.
17:26 of 1st period - Stopped by Sebastien Caron with a rebound.
17:28 of 1st period - Slapshot by Pavel Valentenko.
17:28 of 1st period - Shot Blocked by Steven Zalewski.
17:30 of 1st period - Snap shot by Tomas Kubalik.
17:30 of 1st period - Shot Misses the Net.
17:32 of 1st period - Snap shot by Tomas Kubalik.
17:32 of 1st period - Goal by Tomas Kubalik - Blackdemons : 1 - Diables : 3.
17:33 of 1st period - Steven Zalewski wins face-off versus Tyler Bozak in neutral zone.
17:58 of 1st period - Keith Seabrook is hit by Keaton Ellerby and loses puck.
18:09 of 1st period - Snap shot by Igor Makarov.
18:09 of 1st period - Stopped by Marek Mazanek without a rebound.
18:10 of 1st period - Tyler Bozak wins face-off versus Ben Maxwell in Diables zone.
18:17 of 1st period - Snap shot by Tyler Bozak.
18:17 of 1st period - Shot Blocked by Charles-Olivier Roussel.
18:19 of 1st period - Slapshot by Tyler Bozak.
18:19 of 1st period - Shot Blocked by Dan Bertram.
18:25 of 1st period - Snap shot by Gabriel Landeskog.
18:25 of 1st period - Shot Misses the Net.
18:37 of 1st period - Snap shot by Patrice Cormier.
18:37 of 1st period - Stopped by Marek Mazanek with a rebound.
19:20 of 1st period - Icing by Charles-Olivier Roussel.
19:21 of 1st period - Tyler Bozak wins face-off versus Patrice Cormier in Blackdemons zone.
19:22 of 1st period - Wrist shot by Gabriel Landeskog.
19:22 of 1st period - Shot Misses the Net.
19:30 of 1st period - Wrist shot by Igor Makarov.
19:30 of 1st period - Shot Blocked by Keith Seabrook.
19:32 of 1st period - Wrist shot by Igor Makarov.
19:32 of 1st period - Shot Misses the Net.
19:34 of 1st period - Snap shot by Sergei Plotnikov.
19:34 of 1st period - Shot Blocked by Steve Quailer.
19:38 of 1st period - Wrist shot by Sergei Plotnikov.
19:38 of 1st period - Stopped by Marek Mazanek with a rebound.
19:40 of 1st period - Wrist shot by Sergei Plotnikov.
19:40 of 1st period - Deflect By Patrice Cormier.
19:40 of 1st period - Shot Blocked by Tyler Bozak.
19:40 of 1st period - Puck is out of play.
19:41 of 1st period - Steven Zalewski wins face-off versus Craig Smith in Diables zone.
19:42 of 1st period - Snap shot by Jordan Szwarz.
19:42 of 1st period - Stopped by Marek Mazanek with a rebound.
19:51 of 1st period - Off-side.
19:52 of 1st period - Steven Zalewski wins face-off versus Tyler Bozak in neutral zone.
19:56 of 1st period - Keaton Ellerby is hit by Mark Fraser.
Goals for this period are 1 for Blackdemons vs 3 for Diables.
Shots for this period are 9 for Blackdemons vs 14 for Diables.
2nd period
0:01 of 2nd period - Tyler Bozak wins face-off versus Scott Timmins in neutral zone.
0:15 of 2nd period - Icing by Keaton Ellerby.
0:16 of 2nd period - Craig Smith wins face-off versus Scott Timmins in Blackdemons zone.
0:42 of 2nd period - Wrist shot by Andrew MacDonald.
0:42 of 2nd period - Shot Blocked by Gabriel Landeskog.
3:16 of 2nd period - Off-side.
3:17 of 2nd period - Ben Maxwell wins face-off versus Craig Smith in neutral zone.
3:26 of 2nd period - Wrist shot by Craig Smith.
3:26 of 2nd period - Shot Blocked by Ben Maxwell.
3:28 of 2nd period - Slapshot by Tyler Cuma.
3:28 of 2nd period - Stopped by Sebastien Caron without a rebound.
3:29 of 2nd period - Tyler Bozak wins face-off versus Steven Zalewski in Blackdemons zone.
3:33 of 2nd period - Minor Penalty to Jacob Lagacé for Hooking.
3:34 of 2nd period - Tyler Bozak wins face-off versus Patrice Cormier in Blackdemons zone.
3:50 of 2nd period - Snap shot by Benn Ferriero.
3:50 of 2nd period - Shot Blocked by Patrice Cormier.
4:37 of 2nd period - Backhand shot by Tyler Bozak.
4:37 of 2nd period - Stopped by Sebastien Caron without a rebound.
4:38 of 2nd period - Craig Smith wins face-off versus Patrice Cormier in Blackdemons zone.
4:41 of 2nd period - Slapshot by Craig Smith.
4:41 of 2nd period - Shot Blocked by Andrew MacDonald.
4:43 of 2nd period - Slapshot by Mark Fraser.
4:43 of 2nd period - Stopped by Sebastien Caron without a rebound.
4:44 of 2nd period - Patrice Cormier wins face-off versus Ben Hanowski in Blackdemons zone.
4:53 of 2nd period - Keaton Ellerby is hit by Mark Fraser.
5:33 of 2nd period - Penalty to Jacob Lagacé is over, Jacob Lagacé is back on ice.
5:43 of 2nd period - Wrist shot by Ben Maxwell.
5:43 of 2nd period - Shot Misses the Net.
5:45 of 2nd period - Snap shot by Dan Bertram.
5:45 of 2nd period - Stopped by Marek Mazanek with a rebound.
5:47 of 2nd period - Wrist shot by Dan Bertram.
5:47 of 2nd period - Goal by Dan Bertram - Blackdemons : 2 - Diables : 3.
5:48 of 2nd period - Steven Zalewski wins face-off versus Tyler Bozak in neutral zone.
6:20 of 2nd period - Wrist shot by Igor Makarov.
6:20 of 2nd period - Stopped by Marek Mazanek with a rebound.
6:58 of 2nd period - Snap shot by Brandon Prust.
6:58 of 2nd period - Stopped by Sebastien Caron without a rebound.
6:59 of 2nd period - Steven Zalewski wins face-off versus Kyle Chipchura in Blackdemons zone.
7:15 of 2nd period - Off-side.
7:16 of 2nd period - Patrice Cormier wins face-off versus Tyler Bozak in neutral zone.
7:27 of 2nd period - Slapshot by Patrice Cormier.
7:27 of 2nd period - Shot Misses the Net.
7:29 of 2nd period - Slapshot by Steve Oleksy.
7:29 of 2nd period - Shot Blocked by Lukas Krajicek.
7:31 of 2nd period - Slapshot by Patrice Cormier.
7:31 of 2nd period - Stopped by Marek Mazanek with a rebound.
8:14 of 2nd period - Wrist shot by Tyler Arnason.
8:14 of 2nd period - Deflect By Taylor Beck.
8:14 of 2nd period - Stopped by Sebastien Caron with a rebound.
8:26 of 2nd period - Snap shot by Steven Zalewski.
8:26 of 2nd period - Shot Blocked by Pavel Valentenko.
8:28 of 2nd period - Slapshot by Jeffrey Foss.
8:28 of 2nd period - Shot Blocked by Mark Fraser.
8:32 of 2nd period - Wrist shot by Jordan Szwarz.
8:32 of 2nd period - Shot Misses the Net.
8:34 of 2nd period - Slapshot by Jeffrey Foss.
8:34 of 2nd period - Stopped by Marek Mazanek with a rebound.
8:36 of 2nd period - Snap shot by Jeffrey Foss.
8:36 of 2nd period - Stopped by Marek Mazanek with a rebound.
8:38 of 2nd period - Wrist shot by Steven Zalewski.
8:38 of 2nd period - Stopped by Marek Mazanek with a rebound.
8:40 of 2nd period - Wrist shot by Jordan Szwarz.
8:40 of 2nd period - Shot Blocked by Mark Fraser.
8:42 of 2nd period - Slapshot by Calvin de Haan.
8:42 of 2nd period - Stopped by Marek Mazanek with a rebound.
8:44 of 2nd period - Snap shot by Steven Zalewski.
8:44 of 2nd period - Shot Misses the Net.
8:46 of 2nd period - Slapshot by Jeffrey Foss.
8:46 of 2nd period - Shot Misses the Net.
8:48 of 2nd period - Slapshot by Steven Zalewski.
8:48 of 2nd period - Stopped by Marek Mazanek without a rebound.
8:49 of 2nd period - Patrice Cormier wins face-off versus Tyler Bozak in Diables zone.
8:56 of 2nd period - Snap shot by Patrice Cormier.
8:56 of 2nd period - Stopped by Marek Mazanek without a rebound.
8:57 of 2nd period - Gabriel Landeskog wins face-off versus Patrice Cormier in Diables zone.
8:59 of 2nd period - Minor Penalty to Steve Quailer for High sticking.
9:00 of 2nd period - Patrice Cormier wins face-off versus Brandon Prust in Diables zone.
10:59 of 2nd period - Penalty to Steve Quailer is over, Steve Quailer is back on ice.
11:13 of 2nd period - Steve Quailer is hit by Andrew MacDonald and loses puck.
12:26 of 2nd period - Minor Penalty to Petter Granberg for Boarding.
12:27 of 2nd period - Brandon Prust wins face-off versus Patrice Cormier in Diables zone.
12:51 of 2nd period - Tyler Cuma is hit by Steven Zalewski and loses puck.
13:40 of 2nd period - Jordan Szwarz is hit by Gabriel Landeskog and loses puck.
14:26 of 2nd period - Penalty to Petter Granberg is over, Petter Granberg is back on ice.
14:33 of 2nd period - Slapshot by Steve Oleksy.
14:33 of 2nd period - Deflect By Ben Maxwell.
14:33 of 2nd period - Stopped by Marek Mazanek with a rebound.
14:35 of 2nd period - Snap shot by Ben Maxwell.
14:35 of 2nd period - Shot Misses the Net.
14:37 of 2nd period - Snap shot by Ben Maxwell.
14:37 of 2nd period - Shot Misses the Net.
14:39 of 2nd period - Wrist shot by Calvin de Haan.
14:39 of 2nd period - Stopped by Marek Mazanek without a rebound.
14:40 of 2nd period - Ben Maxwell wins face-off versus Tyler Arnason in Diables zone.
14:41 of 2nd period - Slapshot by Calvin de Haan.
14:41 of 2nd period - Shot Blocked by Tomas Kubalik.
15:19 of 2nd period - Backhand shot by Kyle Chipchura.
15:19 of 2nd period - Stopped by Sebastien Caron with a rebound.
15:33 of 2nd period - Snap shot by Steven Zalewski.
15:33 of 2nd period - Stopped by Marek Mazanek without a rebound.
15:34 of 2nd period - Tyler Bozak wins face-off versus Steven Zalewski in Diables zone.
15:39 of 2nd period - Slapshot by Tyler Cuma.
15:39 of 2nd period - Shot Misses the Net.
17:02 of 2nd period - Matt Hunwick is hit by Mark Fraser and loses puck.
17:47 of 2nd period - Jordan Szwarz is hit by Tyler Cuma.
18:05 of 2nd period - Snap shot by Tomas Kubalik.
18:05 of 2nd period - Shot Blocked by Calvin de Haan.
18:07 of 2nd period - Snap shot by Tyler Arnason.
18:07 of 2nd period - Stopped by Sebastien Caron without a rebound.
18:08 of 2nd period - Tyler Arnason wins face-off versus Steven Zalewski in Blackdemons zone.
18:11 of 2nd period - Wrist shot by Tyler Arnason.
18:11 of 2nd period - Shot Misses the Net.
18:19 of 2nd period - Wrist shot by Steven Zalewski.
18:19 of 2nd period - Shot Misses the Net.
18:21 of 2nd period - Wrist shot by Jacob Lagacé.
18:21 of 2nd period - Stopped by Marek Mazanek with a rebound.
18:23 of 2nd period - Snap shot by Steven Zalewski.
18:23 of 2nd period - Deflect By Jordan Szwarz.
18:23 of 2nd period - Shot Misses the Net.
18:23 of 2nd period - Puck is out of play.
18:24 of 2nd period - Tyler Bozak wins face-off versus Ben Maxwell in Diables zone.
18:24 of 2nd period - Tyler Bozak is hit by Dan Bertram.
18:29 of 2nd period - Off-side.
18:30 of 2nd period - Tyler Bozak wins face-off versus Ben Maxwell in neutral zone.
18:37 of 2nd period - Snap shot by Tyler Bozak.
18:37 of 2nd period - Shot Misses the Net.
19:03 of 2nd period - Minor Penalty to Matt Hunwick for Roughing.
19:04 of 2nd period - Craig Smith wins face-off versus Patrice Cormier in Blackdemons zone.
19:06 of 2nd period - Slapshot by Craig Smith.
19:06 of 2nd period - Goal by Craig Smith - Blackdemons : 2 - Diables : 4.
19:07 of 2nd period - Patrice Cormier wins face-off versus Tyler Bozak in neutral zone.
19:32 of 2nd period - Snap shot by Ben Maxwell.
19:32 of 2nd period - Shot Misses the Net.
19:34 of 2nd period - Slapshot by Ben Maxwell.
19:34 of 2nd period - Shot Misses the Net.
19:44 of 2nd period - Snap shot by Dan Bertram.
19:44 of 2nd period - Stopped by Marek Mazanek with a rebound.
19:50 of 2nd period - Minor Penalty to Tyler Bozak for Interference.
19:51 of 2nd period - Brandon Prust wins face-off versus Patrice Cormier in Diables zone.
Goals for this period are 1 for Blackdemons vs 1 for Diables.
Shots for this period are 15 for Blackdemons vs 8 for Diables.
3rd period
0:01 of 3rd period - Brandon Prust wins face-off versus Patrice Cormier in neutral zone.
0:35 of 3rd period - Gabriel Landeskog is hit by Steven Zalewski and loses puck.
1:00 of 3rd period - Pavel Valentenko is hit by Sergei Plotnikov and loses puck.
1:50 of 3rd period - Penalty to Tyler Bozak is over, Tyler Bozak is back on ice.
1:59 of 3rd period - Icing by Lukas Krajicek.
2:00 of 3rd period - Ben Maxwell wins face-off versus Kyle Chipchura in Diables zone.
2:01 of 3rd period - Wrist shot by Dan Bertram.
2:01 of 3rd period - Stopped by Marek Mazanek without a rebound.
2:02 of 3rd period - Craig Smith wins face-off versus Ben Maxwell in Diables zone.
2:10 of 3rd period - Slapshot by Keith Seabrook.
2:10 of 3rd period - Shot Blocked by Ben Maxwell.
2:12 of 3rd period - Wrist shot by Benn Ferriero.
2:12 of 3rd period - Shot Misses the Net.
2:14 of 3rd period - Snap shot by Benn Ferriero.
2:14 of 3rd period - Shot Misses the Net.
2:26 of 3rd period - Gabriel Landeskog is hit by Jacob Lagacé and loses puck.
2:37 of 3rd period - Backhand shot by Steven Zalewski.
2:37 of 3rd period - Goal by Steven Zalewski - Blackdemons : 3 - Diables : 4.
2:38 of 3rd period - Patrice Cormier wins face-off versus Craig Smith in neutral zone.
2:43 of 3rd period - Craig Smith is hit by Andrew MacDonald and loses puck.
2:50 of 3rd period - Wrist shot by Benn Ferriero.
2:50 of 3rd period - Stopped by Sebastien Caron with a rebound.
2:52 of 3rd period - Slapshot by Tyler Cuma.
2:52 of 3rd period - Stopped by Sebastien Caron with a rebound.
2:54 of 3rd period - Slapshot by Tyler Cuma.
2:54 of 3rd period - Stopped by Sebastien Caron without a rebound.
2:55 of 3rd period - Tyler Bozak wins face-off versus Jacob Lagacé in Blackdemons zone.
3:04 of 3rd period - Lukas Krajicek is hit by Jordan Szwarz and loses puck.
3:40 of 3rd period - Snap shot by Dan Bertram.
3:40 of 3rd period - Stopped by Marek Mazanek with a rebound.
3:42 of 3rd period - Slapshot by Dan Bertram.
3:42 of 3rd period - Deflect By Ben Maxwell.
3:42 of 3rd period - Stopped by Marek Mazanek with a rebound.
3:44 of 3rd period - Snap shot by Ben Maxwell.
3:44 of 3rd period - Shot Misses the Net.
3:46 of 3rd period - Snap shot by Dan Bertram.
3:46 of 3rd period - Shot Misses the Net.
3:48 of 3rd period - Snap shot by Steve Oleksy.
3:48 of 3rd period - Shot Misses the Net.
3:50 of 3rd period - Snap shot by Dan Bertram.
3:50 of 3rd period - Stopped by Marek Mazanek with a rebound.
3:56 of 3rd period - Minor Penalty to Brandon Prust for Goalie Interference.
3:57 of 3rd period - Patrice Cormier wins face-off versus Kyle Chipchura in Diables zone.
5:56 of 3rd period - Penalty to Brandon Prust is over, Brandon Prust is back on ice.
6:06 of 3rd period - Gabriel Landeskog is hit by Dan Bertram and loses puck.
7:19 of 3rd period - Wrist shot by Tyler Bozak.
7:19 of 3rd period - Shot Misses the Net.
7:21 of 3rd period - Slapshot by Pavel Valentenko.
7:21 of 3rd period - Deflect By Tyler Bozak.
7:21 of 3rd period - Stopped by Sebastien Caron with a rebound.
8:01 of 3rd period - Minor Penalty to Ben Maxwell for Interference.
8:02 of 3rd period - Patrice Cormier wins face-off versus Tyler Bozak in Blackdemons zone.
8:02 of 3rd period - Patrice Cormier is hit by Tyler Bozak.
8:18 of 3rd period - Snap shot by Tyler Bozak.
8:18 of 3rd period - Shot Misses the Net.
8:40 of 3rd period - Sergei Plotnikov is hit by Benn Ferriero and loses puck.
9:48 of 3rd period - Snap shot by Andrew MacDonald.
9:48 of 3rd period - Stopped by Marek Mazanek with a rebound.
9:50 of 3rd period - Slapshot by Noel Acciari.
9:50 of 3rd period - Deflect By Ben Hanowski.
9:50 of 3rd period - Goal by Noel Acciari - Blackdemons : 4 - Diables : 4.
9:51 of 3rd period - Patrice Cormier wins face-off versus Tyler Bozak in neutral zone.
10:01 of 3rd period - Penalty to Ben Maxwell is over, Ben Maxwell is back on ice.
10:12 of 3rd period - Slapshot by Igor Makarov.
10:12 of 3rd period - Shot Misses the Net.
10:14 of 3rd period - Wrist shot by Igor Makarov.
10:14 of 3rd period - Stopped by Marek Mazanek with a rebound.
10:24 of 3rd period - Snap shot by Igor Makarov.
10:24 of 3rd period - Deflect By Mark Fraser.
10:24 of 3rd period - Shot Blocked by Tyler Bozak.
10:24 of 3rd period - Puck is out of play.
10:25 of 3rd period - Steven Zalewski wins face-off versus Kyle Chipchura in Diables zone.
10:39 of 3rd period - Minor Penalty to Jordan Szwarz for Hooking.
10:40 of 3rd period - Tyler Bozak wins face-off versus Patrice Cormier in Blackdemons zone.
10:41 of 3rd period - Slapshot by Benn Ferriero.
10:41 of 3rd period - Deflect By Gabriel Landeskog.
10:41 of 3rd period - Stopped by Sebastien Caron without a rebound.
10:42 of 3rd period - Tyler Bozak wins face-off versus Patrice Cormier in Blackdemons zone.
12:01 of 3rd period - Igor Makarov is hit by Kellan Lain and loses puck.
12:39 of 3rd period - Penalty to Jordan Szwarz is over, Jordan Szwarz is back on ice.
12:46 of 3rd period - Snap shot by Tomas Kubalik.
12:46 of 3rd period - Stopped by Sebastien Caron with a rebound.
12:48 of 3rd period - Wrist shot by Tomas Kubalik.
12:48 of 3rd period - Deflect By Jordan Szwarz.
12:48 of 3rd period - Shot Misses the Net.
12:48 of 3rd period - Puck is out of play.
12:49 of 3rd period - Tyler Arnason wins face-off versus Steven Zalewski in Blackdemons zone.
12:52 of 3rd period - Wrist shot by Tomas Kubalik.
12:52 of 3rd period - Stopped by Sebastien Caron with a rebound.
13:18 of 3rd period - Snap shot by Ben Hanowski.
13:18 of 3rd period - Shot Misses the Net.
13:20 of 3rd period - Wrist shot by Kyle Chipchura.
13:20 of 3rd period - Shot Blocked by Ben Maxwell.
13:22 of 3rd period - Slapshot by Petter Granberg.
13:22 of 3rd period - Stopped by Sebastien Caron without a rebound.
13:23 of 3rd period - Craig Smith wins face-off versus Patrice Cormier in Blackdemons zone.
13:24 of 3rd period - Wrist shot by Kellan Lain.
13:24 of 3rd period - Stopped by Sebastien Caron with a rebound.
13:26 of 3rd period - Slapshot by Lukas Krajicek.
13:26 of 3rd period - Shot Misses the Net.
13:28 of 3rd period - Slapshot by Tyler Cuma.
13:28 of 3rd period - Shot Blocked by Keaton Ellerby.
13:30 of 3rd period - Wrist shot by Benn Ferriero.
13:30 of 3rd period - Stopped by Sebastien Caron with a rebound.
13:50 of 3rd period - Steven Zalewski is hit by Gabriel Landeskog.
14:00 of 3rd period - Snap shot by Steven Zalewski.
14:00 of 3rd period - Shot Blocked by Tyler Cuma.
14:10 of 3rd period - Minor Penalty to Jacob Lagacé for Hooking.
14:11 of 3rd period - Tyler Bozak wins face-off versus Patrice Cormier in Blackdemons zone.
14:31 of 3rd period - Icing by Gabriel Landeskog.
14:32 of 3rd period - Tyler Bozak wins face-off versus Igor Makarov in Diables zone.
14:53 of 3rd period - Snap shot by Benn Ferriero.
14:53 of 3rd period - Stopped by Sebastien Caron with a rebound.
14:55 of 3rd period - Wrist shot by Tyler Bozak.
14:55 of 3rd period - Goal by Tyler Bozak - Blackdemons : 4 - Diables : 5.
14:56 of 3rd period - Tyler Bozak wins face-off versus Igor Makarov in neutral zone.
14:59 of 3rd period - Andrew MacDonald is hit by Steve Quailer and loses puck.
15:25 of 3rd period - Minor Penalty to Tyler Cuma for Roughing.
15:26 of 3rd period - Brandon Prust wins face-off versus Patrice Cormier in Diables zone.
15:42 of 3rd period - Snap shot by Igor Makarov.
15:42 of 3rd period - Stopped by Marek Mazanek without a rebound.
15:43 of 3rd period - Steven Zalewski wins face-off versus Brandon Prust in Diables zone.
15:54 of 3rd period - Wrist shot by Jordan Szwarz.
15:54 of 3rd period - Shot Misses the Net.
16:24 of 3rd period - Andrew MacDonald is hit by Mark Fraser and loses puck.
17:25 of 3rd period - Penalty to Tyler Cuma is over, Tyler Cuma is back on ice.
17:50 of 3rd period - Off-side.
17:51 of 3rd period - Tyler Bozak wins face-off versus Steven Zalewski in neutral zone.
17:54 of 3rd period - Wrist shot by Lukas Krajicek.
17:54 of 3rd period - Shot Blocked by Calvin de Haan.
18:06 of 3rd period - Scott Wilson is hit by Tyler Cuma and loses puck.
18:52 of 3rd period - Blackdemons, Sebastien Caron is pulled from the net.
19:06 of 3rd period - Wrist shot by Igor Makarov.
19:06 of 3rd period - Shot Misses the Net.
19:08 of 3rd period - Snap shot by Patrice Cormier.
19:08 of 3rd period - Shot Misses the Net.
19:10 of 3rd period - Snap shot by Sergei Plotnikov.
19:10 of 3rd period - Shot Misses the Net.
19:12 of 3rd period - Slapshot by Igor Makarov.
19:12 of 3rd period - Shot Blocked by Kyle Chipchura.
19:14 of 3rd period - Snap shot by Igor Makarov.
19:14 of 3rd period - Goal by Igor Makarov - Blackdemons : 5 - Diables : 5.
19:14 of 3rd period - Sebastien Caron from Blackdemons was sent back in the game.
19:15 of 3rd period - Kyle Chipchura wins face-off versus Ben Maxwell in neutral zone.
19:32 of 3rd period - Kyle Chipchura is hit by Keaton Ellerby and loses puck.
19:43 of 3rd period - Slapshot by Tyler Cuma.
19:43 of 3rd period - Stopped by Sebastien Caron with a rebound.
19:49 of 3rd period - Gabriel Landeskog is hit by Patrice Cormier and loses puck.
Goals for this period are 3 for Blackdemons vs 1 for Diables.
Shots for this period are 10 for Blackdemons vs 13 for Diables.
Overtime #1
0:01 of 1st overtime period - Patrice Cormier wins face-off versus Brandon Prust in neutral zone.
0:11 of 1st overtime period - Wrist shot by Patrice Cormier.
0:11 of 1st overtime period - Goal by Patrice Cormier - Blackdemons : 6 - Diables : 5.
Goals for this period are 1 for Blackdemons vs 0 for Diables.
Shots for this period are 1 for Blackdemons vs 0 for Diables.
Back to the Top